HBL
COLUMBUS CLIPPERS @ SAVANNAH SWAMP FOXES
04/19/1997
 
TOP OF THE 1ST
Columbus Clippers batting - Pitching for Savannah Swamp Foxes : LHP C J Nitkowski
Pitching: LHP C J Nitkowski
Batting: LHB Ed Giovanola 0-0: Called Strike
0-1: Ball
1-1: Ball
2-1: Fly out, F8 (Flyball, 8LD, EV 106.9 MPH)
Batting: RHB Carlos Garcia 0-0: Bunted foul
0-1: Ball
1-1: Ball
2-1: SINGLE (Groundball, 6MD, EV 96.3 MPH)
Batting: RHB Derrek Lee 0-0: Ball
1-0: Grounds into double play, 4-6-3 (Groundball, 34, EV 93.1 MPH)
Top of the 1st over - 0 runs, 1 hit, 0 errors, 0 left on base; Columbus 0 - Savannah 0
BOTTOM OF THE 1ST
Savannah Swamp Foxes batting - Pitching for Columbus Clippers : RHP Kirk McCaskill
Pitching: RHP Kirk McCaskill
Batting: LHB Tony Longmire 0-0: Fly out, F5 (Line Drive, 5, EV 68.8 MPH)
Batting: LHB Jacob Cruz 0-0: Called Strike
0-1: SINGLE (Groundball, 34D, EV 105.6 MPH)
Batting: SHB Greg Norton 0-0: Called Strike
0-1: Ball
1-1: Ball
2-1: Foul Ball, location: 2F
2-2: Ball
3-2: Base on Balls
Jacob Cruz to second
Batting: RHB Jimmy Hurst 0-0: Ball
1-0: Foul Ball, location: 2F
1-1: Ball
2-1: Ball
3-1: Base on Balls
Jacob Cruz to third
Greg Norton to second
Batting: LHB Jack Howell 0-0: Swinging Strike
0-1: Foul Ball, location: 2F
0-2: Foul Ball, location: 2F
0-2: Foul Ball, location: 2F
0-2: Grounds into fielders choice 1-2 (Groundball, 34S, EV 81.9 MPH)
Greg Norton to third
Jimmy Hurst to second
Batting: RHB Izzy Molina 0-0: Ball
1-0: Fly out, F6 (Flyball, 56D, EV 78.8 MPH)
Bottom of the 1st over - 0 runs, 1 hit, 0 errors, 3 left on base; Columbus 0 - Savannah 0
TOP OF THE 2ND
Columbus Clippers batting - Pitching for Savannah Swamp Foxes : LHP C J Nitkowski
Batting: RHB Bubba Trammell 0-0: Ball
1-0: Called Strike
1-1: Ball
2-1: Foul Ball, location: 2F
2-2: Strikes out swinging
Batting: RHB Kevin Orie 0-0: Ball
1-0: Called Strike
1-1: SINGLE (Flyball, 7S, EV 86.3 MPH)
Batting: RHB Wendell Magee 0-0: Ball
1-0: Called Strike
1-1: Swinging Strike
1-2: Ball
2-2: Ball
3-2: Grounds into double play, 6-4-3 (Groundball, 6, EV 83.8 MPH)
Top of the 2nd over - 0 runs, 1 hit, 0 errors, 0 left on base; Columbus 0 - Savannah 0
BOTTOM OF THE 2ND
Savannah Swamp Foxes batting - Pitching for Columbus Clippers : RHP Kirk McCaskill
Batting: LHB Koji Goto 0-0: Called Strike
0-1: Ball
1-1: Called Strike
1-2: Ground out U3 (Groundball, 3, EV 84.4 MPH)
Batting: RHB Andy Sheets 0-0: Ball
1-0: Ball
2-0: Ball
3-0: Base on Balls
Batting: RHB Masahiro Kawai 0-0: Ball
1-0: Ball
2-0: Called Strike
2-1: Grounds into double play, 4-6-3 (Groundball, 4, EV 83.8 MPH)
Bottom of the 2nd over - 0 runs, 0 hits, 0 errors, 0 left on base; Columbus 0 - Savannah 0
TOP OF THE 3RD
Columbus Clippers batting - Pitching for Savannah Swamp Foxes : LHP C J Nitkowski
Batting: LHB Alex Hernandez 0-0: Ball
1-0: Foul Ball, location: 2F
1-1: Called Strike
1-2: Foul Ball, location: 2F
1-2: Foul Ball, location: 2F
1-2: Foul Ball, location: 2F
1-2: Foul Ball, location: 2F
1-2: Ball
2-2: Ball
3-2: Foul Ball, location: 2F
3-2: Foul Ball, location: 2F
3-2: Foul Ball, location: 2F
3-2: Strikes out swinging
Batting: RHB Raul Chavez 0-0: Ball
1-0: Called Strike
1-1: Ball
2-1: Fly out, F3 (Line Drive, 3, EV 65.0 MPH)
Batting: LHB Kenjiro Nomura 0-0: Fly out, F9 (Flyball, 89XD, EV 104.4 MPH)
Top of the 3rd over - 0 runs, 0 hits, 0 errors, 0 left on base; Columbus 0 - Savannah 0
BOTTOM OF THE 3RD
Savannah Swamp Foxes batting - Pitching for Columbus Clippers : RHP Kirk McCaskill
Batting: LHB Tony Longmire 0-0: Called Strike
0-1: Called Strike
0-2: Ball
1-2: Fly out, F9 (Flyball, 9S, EV 93.1 MPH)
Batting: LHB Jacob Cruz 0-0: Called Strike
0-1: Called Strike
0-2: Strikes out swinging
Batting: SHB Greg Norton 0-0: DOUBLE (Line Drive, 78D, EV 110.0 MPH)
Batting: RHB Jimmy Hurst 0-0: Ball
1-0: Ball
2-0: Fly out, F3 (Popup, 23F, EV 85.6 MPH)
Bottom of the 3rd over - 0 runs, 1 hit, 0 errors, 1 left on base; Columbus 0 - Savannah 0
TOP OF THE 4TH
Columbus Clippers batting - Pitching for Savannah Swamp Foxes : LHP C J Nitkowski
Batting: LHB Ed Giovanola 0-0: Ball
1-0: Fly out, F9 (Flyball, 89M, EV 81.9 MPH)
Batting: RHB Carlos Garcia 0-0: Ball
1-0: Swinging Strike
1-1: Ball
2-1: Ground out 6-3 (Groundball, 6, EV 84.4 MPH)
Batting: RHB Derrek Lee 0-0: Called Strike
0-1: Foul Ball, location: 2F
0-2: Foul Ball, location: 2F
0-2: Strikes out swinging
Top of the 4th over - 0 runs, 0 hits, 0 errors, 0 left on base; Columbus 0 - Savannah 0
BOTTOM OF THE 4TH
Savannah Swamp Foxes batting - Pitching for Columbus Clippers : RHP Kirk McCaskill
Batting: LHB Jack Howell 0-0: Swinging Strike
0-1: Ball
1-1: Ball
2-1: Foul Ball, location: 2F
2-2: Fly out, F7 (Flyball, 7D, EV 98.1 MPH)
Batting: RHB Izzy Molina 0-0: Ground out 5-3 (Groundball, 56, EV 83.8 MPH)
Batting: LHB Koji Goto 0-0: Foul Ball, location: 2F
0-1: Ball
1-1: Ball
2-1: Fly out, F7 (Flyball, 7LSF, EV 86.9 MPH)
Bottom of the 4th over - 0 runs, 0 hits, 0 errors, 0 left on base; Columbus 0 - Savannah 0
TOP OF THE 5TH
Columbus Clippers batting - Pitching for Savannah Swamp Foxes : LHP C J Nitkowski
Batting: RHB Bubba Trammell 0-0: Swinging Strike
0-1: Ball
1-1: Called Strike
1-2: Ball
2-2: Strikes out swinging
Batting: RHB Kevin Orie 0-0: Ball
1-0: Swinging Strike
1-1: Ground out 1-3 (Groundball, 13, EV 84.4 MPH)
Batting: RHB Wendell Magee 0-0: Ball
1-0: Foul Ball, location: 2F
1-1: Foul Ball, location: 2F
1-2: Foul Ball, location: 2F
1-2: Ball
2-2: Ball
3-2: Foul Ball, location: 2F
3-2: Strikes out swinging
Top of the 5th over - 0 runs, 0 hits, 0 errors, 0 left on base; Columbus 0 - Savannah 0
BOTTOM OF THE 5TH
Savannah Swamp Foxes batting - Pitching for Columbus Clippers : RHP Kirk McCaskill
Batting: RHB Andy Sheets 0-0: Ground out 3-1 (Groundball, 3L, EV 105.6 MPH)
Batting: RHB Masahiro Kawai 0-0: Ball
1-0: Fly out, F9 (Flyball, 9LM, EV 88.1 MPH)
Batting: LHB Tony Longmire 0-0: Reached on error, E4 (Groundball, 4M, EV 97.5 MPH)
Batting: LHB Jacob Cruz 0-0: Called Strike
0-1: Ball
1-1: Swinging Strike
1-2: Ball
2-2: Ball
3-2: Ground out 6-3 (Groundball, 6, EV 76.9 MPH)
Bottom of the 5th over - 0 runs, 0 hits, 1 error, 1 left on base; Columbus 0 - Savannah 0
TOP OF THE 6TH
Columbus Clippers batting - Pitching for Savannah Swamp Foxes : LHP C J Nitkowski
Batting: LHB Alex Hernandez 0-0: Called Strike
0-1: Ground out 1-3 (Groundball, 34S, EV 91.3 MPH)
Batting: RHB Raul Chavez 0-0: Ball
1-0: Swinging Strike
1-1: Swinging Strike
1-2: Ball
2-2: Strikes out swinging
Batting: LHB Kenjiro Nomura 0-0: Swinging Strike
0-1: Swinging Strike
0-2: Ground out U3 (Groundball, 3, EV 76.3 MPH)
Top of the 6th over - 0 runs, 0 hits, 0 errors, 0 left on base; Columbus 0 - Savannah 0
BOTTOM OF THE 6TH
Savannah Swamp Foxes batting - Pitching for Columbus Clippers : RHP Kirk McCaskill
Batting: SHB Greg Norton 0-0: Ball
1-0: Called Strike
1-1: Foul Ball, location: 2F
1-2: Ball
2-2: Ball
3-2: Foul Ball, location: 2F
3-2: Fly out, F8 (Flyball, 8RS, EV 83.8 MPH)
Batting: RHB Jimmy Hurst 0-0: Called Strike
0-1: Ball
1-1: SOLO HOME RUN (Flyball, 7D, EV 95.0 MPH), Distance : 398 ft
Batting: LHB Jack Howell 0-0: Ball
1-0: Ball
2-0: Ground out 4-3 (Groundball, 4, EV 99.4 MPH)
Batting: RHB Izzy Molina 0-0: Swinging Strike
0-1: Ball
1-1: Bunt missed!
1-2: Ball
2-2: Foul Ball, location: 2F
2-2: Fly out, F7 (Flyball, 7LS, EV 90.6 MPH)
Bottom of the 6th over - 1 run, 1 hit, 0 errors, 0 left on base; Columbus 0 - Savannah 1
TOP OF THE 7TH
Columbus Clippers batting - Pitching for Savannah Swamp Foxes : LHP C J Nitkowski
Pitching: RHP John Wasdin
Batting: LHB Ed Giovanola 0-0: Swinging Strike
0-1: Foul Ball, location: 2F
0-2: Strikes out looking
Batting: RHB Carlos Garcia 0-0: Foul Ball, location: 2F
0-1: Ball
1-1: Swinging Strike
1-2: Foul Ball, location: 2F
1-2: Foul Ball, location: 2F
1-2: Fly out, F8 (Flyball, 8LM, EV 73.1 MPH)
Batting: RHB Derrek Lee 0-0: Called Strike
0-1: Foul Ball, location: 2F
0-2: Foul Ball, location: 2F
0-2: Ball
1-2: SINGLE (Line Drive, 6D, EV 102.5 MPH)
Batting: RHB Bubba Trammell 0-0: Ball
1-0: Fielders Choice at 2nd, 6-4 (Groundball, 56, EV 83.1 MPH)
Top of the 7th over - 0 runs, 1 hit, 0 errors, 1 left on base; Columbus 0 - Savannah 1
BOTTOM OF THE 7TH
Savannah Swamp Foxes batting - Pitching for Columbus Clippers : RHP Kirk McCaskill
Batting: LHB Koji Goto 0-0: Ball
1-0: Ball
2-0: Called Strike
2-1: Called Strike
2-2: Strikes out swinging
Batting: RHB Andy Sheets 0-0: Ball
1-0: Ball
2-0: Ball
3-0: Swinging Strike
3-1: Base on Balls
Batting: RHB Masahiro Kawai 0-0: Fielders Choice at 2nd, 1-6 (Groundball, 34S, EV 84.4 MPH)
Batting: LHB Tony Longmire 0-0: Ball
1-0: Foul Ball, location: 2F
1-1: Foul Ball, location: 2F
1-2: Foul Ball, location: 2F
1-2: Fly out, F3 (Line Drive, 3, EV 61.9 MPH)
Bottom of the 7th over - 0 runs, 0 hits, 0 errors, 1 left on base; Columbus 0 - Savannah 1
TOP OF THE 8TH
Columbus Clippers batting - Pitching for Savannah Swamp Foxes : RHP John Wasdin
Batting: RHB Kevin Orie 0-0: Fly out, F9 (Line Drive, 9, EV 98.1 MPH)
Batting: RHB Wendell Magee 0-0: SINGLE (Groundball, 56D, EV 103.1 MPH)
Batting: LHB Alex Hernandez 0-0: Fielders Choice at 2nd, 4-6 (Groundball, 34, EV 100.0 MPH)
Batting: RHB Raul Chavez 0-0: Ball
1-0: Fly out, F7 (Flyball, 7D, EV 102.5 MPH)
Top of the 8th over - 0 runs, 1 hit, 0 errors, 1 left on base; Columbus 0 - Savannah 1
BOTTOM OF THE 8TH
Savannah Swamp Foxes batting - Pitching for Columbus Clippers : RHP Kirk McCaskill
Batting: LHB Jacob Cruz 0-0: Foul Ball, location: 2F
0-1: Swinging Strike
0-2: Ball
1-2: Ball
2-2: Ball
3-2: Foul Ball, location: 2F
3-2: Base on Balls
Batting: SHB Greg Norton 0-0: Ball
1-0: Foul Ball, location: 2F
1-1: Foul Ball, location: 2F
1-2: Ball
2-2: Foul Ball, location: 2F
2-2: Fielders Choice at 2nd, 4-6 (Groundball, 4, EV 84.4 MPH)
Batting: RHB Jimmy Hurst 0-0: Ball
1-0: Called Strike
1-1: Fly out, F9 (Flyball, 9D, EV 82.5 MPH)
Batting: LHB Jack Howell 0-0: Ball
1-0: Called Strike
1-1: Foul Ball, location: 2F
1-2: Foul Ball, location: 2F
1-2: Foul Ball, location: 2F
1-2: Foul Ball, location: 2F
1-2: Foul Ball, location: 2F
1-2: Ball
2-2: Fly out, F9 (Line Drive, 9, EV 95.6 MPH)
Bottom of the 8th over - 0 runs, 0 hits, 0 errors, 1 left on base; Columbus 0 - Savannah 1
TOP OF THE 9TH
Columbus Clippers batting - Pitching for Savannah Swamp Foxes : RHP John Wasdin
Pitching: RHP Jay Powell
Now at 3B: Kazuhiko Shiotani
Batting: LHB Kenjiro Nomura 0-0: Called Strike
0-1: Ball
1-1: Foul Ball, location: 2F
1-2: Foul Ball, location: 2F
1-2: Foul Ball, location: 2F
1-2: Fly out, F9 (Line Drive, 9, EV 103.8 MPH)
Batting: LHB Ed Giovanola 0-0: Ball
1-0: Ball
2-0: Ball
3-0: Called Strike
3-1: Called Strike
3-2: Foul Ball, location: 2F
3-2: Foul Ball, location: 2F
3-2: Foul Ball, location: 2F
3-2: Fly out, F8 (Line Drive, 8RM, EV 100.0 MPH)
Batting: RHB Carlos Garcia 0-0: Ball
1-0: Foul Ball, location: 2F
1-1: Ball
2-1: Foul Ball, location: 2F
2-2: Ball
3-2: Base on Balls
Batting: RHB Derrek Lee 0-0: Called Strike
0-1: Foul Ball, location: 2F
0-2: Ball
1-2: Ball
2-2: Fly out, F9 (Flyball, 89XD, EV 106.9 MPH)
Top of the 9th over - 0 runs, 0 hits, 0 errors, 1 left on base; Columbus 0 - Savannah 1
Wednesday, January 28th, 2026 - OOTP Baseball 20.8 Build 74